 Dungeon Crawl Stone Soup version 0.25.1-11-g244df3a29b (webtiles) character file.

Game seed: 9835247863562308983

184 tkbsonic5 the Firebug (level 5, -3/39 HPs)
             Began as a Demigod Fire Elementalist on Dec 2, 2022.
             Slain by a crocodile (16 damage)
             ... in a sewer.
             The game lasted 00:19:53 (4679 turns).

tkbsonic5 the Firebug (Demigod Fire Elementalist)   Turns: 4679, Time: 00:19:54

Health: -3/39      AC:  5    Str: 11    XL:     5   Next: 14%
Magic:  4/11       EV: 11    Int: 21    God:
Gold:   170        SH:  0    Dex: 16    Spells: 5/9 levels left

rFire    . . .     SeeInvis +   m - +0 short sword
rCold    . . .     Gourm    .   (no shield)
rNeg     . . .     Faith    .   v - +0 ring mail
rPois    .         Spirit   .   (no helmet)
rElec    .         Reflect  .   (no cloak)
rCorr    .         Harm     .   (no gloves)
MR       .....                  (no boots)
Stlth    +.........             (no amulet)
HPRegen  0.13/turn              e - ring of see invisible
MPRegen  0.12/turn              i - ring of wizardry

@: stab, hasted, very quick
A: high mp 1
a: no special abilities


You were in a sewer.
You were not hungry.

You visited 1 branch of the dungeon, and saw 4 of its levels.
You also visited: Sewer.

You collected 170 gold pieces.

Inventory:

Hand Weapons
 d - a +0 club
 g - a +3 shortbow
 m - a +0 short sword (weapon)
 n - a +0 flail
Missiles
 l - 37 poisoned darts (quivered)
 o - 43 arrows
Armour
 a - a +0 robe
 v - a +0 ring mail (worn)
Jewellery
 e - a ring of see invisible (left hand)
 i - a ring of wizardry (right hand)
 t - an uncursed ring of ice
 w - a cursed ring of teleportation {unknown}
Wands
 p - a wand of random effects (27)
Scrolls
 q - a scroll of amnesia
 r - 4 scrolls of remove curse
 s - a scroll of teleportation
 y - a scroll of fear
Potions
 j - a potion of brilliance
 k - a potion of haste
Comestibles
 c - 6 rations


   Skills:
 - Level 0.3 Fighting
 + Level 1.1 Bows
 - Level 0.2 Throwing
 + Level 2.1 Dodging
 - Level 1.7 Stealth
 * Level 2.5 Spellcasting
 * Level 2.6 Conjurations
 * Level 3.8 Fire Magic


You had 5 spell levels left.
You knew the following spells:

 Your Spells              Type           Power        Failure   Level  Hunger
a - Foxfire               Conj/Fire      ###.         3%          1    None
b - Conjure Flame         Conj/Fire      ###.....     11%         3    ###....

Your spell library contained the following spells:

 Spells                   Type           Power        Failure   Level  Hunger
 Inner Flame              Hex/Fire       ##......     19%         3    ###....
 Sticky Flame             Conj/Fire      ###.....     32%         4    ####...
 Fireball                 Conj/Fire      ###.......   65%         5    ######.


Dungeon Overview and Level Annotations

Branches:
Dungeon (4/15)              Sewer (1/1)
 Temple: D:4-7


Innate Abilities, Weirdness & Mutations

You have an increased reservoir of magic. (+10% MP)


Message History

The crocodile is heavily wounded.
The crocodile bites you.
* * * LOW HITPOINT WARNING * * *
Throwing (i - inventory. (/) - cycle)
l - 38 poisoned darts (quivered)
Press: ? - help, Shift-Dir - straight line, f/p - crocodile
Aim: a crocodile (heavily wounded, very poisoned)
You throw a poisoned dart.
The poisoned dart barely misses the crocodile.
The crocodile bites you.
* * * LOW HITPOINT WARNING * * *
You feel better.
The crocodile bites you but does no damage.
It was a potion of haste.
You feel yourself speed up. The crocodile bites you!
* * * LOW HITPOINT WARNING * * *
You feel better. The crocodile closely misses you.
It was a potion of stabbing.
You feel ready to backstab.
m - a +0 short sword (weapon)
The crocodile bites you!
You die...

#### ####.@#
#≈##.t# #≈##..# ##*
#≈###.## ≈.##*
##≈##...# ..≈.###
#.≈.#...# #..≈≈.###
#.≈.....#
**#≈..≈.###.≈)..(.#
##≈≈.≈..≈.≈.#####


You could see a crocodile (very poisoned).

Vanquished Creatures
  Jessica (D:2)
  2 river rats (D:4)
  4 adders
  7 worms
  7 leopard geckos
  4 orcs (D:3)
  9 bats
  2 giant cockroaches
  9 goblins
  3 hobgoblins
  4 jackals
  7 kobolds
  3 quokkas
  6 frilled lizards
  11 rats
79 creatures vanquished.

Vanquished Creatures (others)
  258 foxfires
258 creatures vanquished.

Grand Total: 337 creatures vanquished

Notes
Turn   | Place    | Note
-------+----------+-------------------------------------------
     0 | D:1      | tkbsonic5 the Demigod Fire Elementalist began the quest for
                  | the Orb.
     0 | D:1      | Reached XP level 1. HP: 14/14 MP: 5/5
    23 | D:1      | Reached skill level 1 in Conjurations
   265 | D:1      | Reached XP level 2. HP: 20/20 MP: 4/7
   301 | D:1      | Reached skill level 3 in Fire Magic
  1165 | D:2      | Reached XP level 3. HP: 21/26 MP: 0/8
  1208 | D:2      | Learned a level 3 spell: Conjure Flame
  2519 | D:2      | Noticed Jessica
  2531 | D:2      | Killed Jessica
  2531 | D:2      | Reached XP level 4. HP: 15/34 MP: 5/10
  3197 | D:3      | Reached skill level 1 in Bows
  3867 | D:4      | Found an opulent altar of Gozag.
  4265 | D:4      | Reached XP level 5. HP: 39/39 MP: 8/11
  4319 | D:4      | Found a glowing drain.
  4394 | Sewer    | Entered a sewer
  4679 | Sewer    | Slain by a crocodile

Illustrated notes

Levels and vault maps discovered:
D:1:      wander_arrival_estate, layout_rooms
D:2:      layout_basic, fountainhead, uniq_jessica
D:3:      layout_basic
D:4:      layout_rooms, grunt_gozag_breadcrumbs, first_ration,
          gup_sewer_entry_bubbles, minmay_misc_feat_plants, minmay_unequal
Sewer:    sewer_the_crocodile

Skill      XL: |  1  2  3  4 |
---------------+-------------+-----
Conjurations   | 1 2 |  2.6
Fire Magic     | 3 |  3.8
Spellcasting   | 2 |  2.5
Bows           | 1 |  1.1
Dodging        | 2 |  2.1
Fighting       | |  0.3
Throwing       | |  0.2
Stealth        | |  1.7

Action                   |  1- 3 |  4- 6 || total
-------------------------+-------+-------++-------
Melee: Club              |     2 |       ||     2
       Short sword       |     7 |       ||     7
       Flail             |     1 |       ||     1
 Fire: Shortbow          |     7 |    24 ||    31
Throw: Dart              |    20 |     6 ||    26
 Cast: Foxfire           |   123 |    81 ||   204
       Conjure Flame     |     5 |     1 ||     6
  Use: Scroll            |     9 |     9 ||    18
       Potion            |     2 |     4 ||     6
  Eat: Chunk             |     2 |     3 ||     5
       Ration            |     2 |     1 ||     3
Armor: Robe              |     6 |       ||     6
       Ring mail         |       |    10 ||    10
Dodge: Dodged            |    23 |    11 ||    34
